 Dungeon Crawl Stone Soup version 0.28.0-53-g5a82cb258f (webtiles) character file.

Game seed: 7682170414302668165

309 styxcanada the Covert (level 6, 0/30 HPs)
             Began as a Spriggan Brigand on July 28, 2022.
             Killed from afar by an orc wizard (7 damage)
             ... with a puff of flame
             ... on level 4 of the Dungeon on July 30, 2022.
             The game lasted 00:14:42 (3599 turns).

styxcanada the Covert (Spriggan Brigand)            Turns: 3599, Time: 00:14:44

Health: 0/30       AC:  3    Str:  7    XL:     6   Next: 17%
Magic:  7/7        EV: 18    Int: 12    God:
Gold:   159        SH:  0    Dex: 19    Spells: 4/5 levels left

rFire   . . .      SeeInvis +   a - +2 dagger
rCold   + . .      Faith    .   (no shield)
rNeg    . . .      Spirit   .   b - +0 robe
rPois   .          Reflect  .   (helmet restricted)
rElec   .          Harm     .   c - +0 cloak
rCorr   .          Rampage  .   (gloves unavailable)
Will    +....                   (boots unavailable)
Stlth   ++++......              (no amulet)
HPRegen 0.10/turn               g - ring of protection from cold
MPRegen 0.10/turn               (no ring)

@: lethally poisoned (0 -> -6), very quick
A: very small, no large weapons, unfitting armour, see invisible, speed 3
a: no special abilities


You were on level 4 of the Dungeon.
You visited 1 branch of the dungeon, and saw 4 of its levels.

You collected 159 gold pieces.

Inventory:

Hand Weapons
 a - a +2 dagger (weapon)
 j - a +0 mace of venom
Missiles
 d - a poisoned dart (quivered)
 e - 5 curare-tipped darts
 k - 66 stones
 q - 25 sling bullets
Armour
 b - a +0 robe (worn)
 c - a +0 cloak (worn)
Jewellery
 g - a ring of protection from cold (left hand)
Scrolls
 i - a scroll of teleportation
Potions
 f - 2 potions of haste
 h - a potion of magic {unknown}
 m - a potion of might {unknown}
 n - a potion of flight


   Skills:
 * Level 2.0 Fighting
 + Level 3.5 Short Blades
 + Level 3.3 Throwing
 * Level 3.2 Dodging
 * Level 8.7 Stealth
 * Level 0.1 Spellcasting


You had 4 spell levels left.
You knew the following spells:

 Your Spells              Type           Power      Damage    Failure   Level
a - Sandblast             Erth           0%         2d4       32%         1

Your spell library contained the following spells:

 Spells                   Type           Power      Damage    Failure   Level
 Passwall                 Tmut/Erth      0%         N/A       45%         2
 Stone Arrow              Conj/Erth      0%         3d7       69%         3


Dungeon Overview and Level Annotations

Branches:
Dungeon (4/15)
 Temple: D:4-7

Altars:


Innate Abilities, Weirdness & Mutations

You are very small and have problems with some larger weapons.
You are too small for most types of armour.
You have supernaturally acute eyesight. (SInv)
You cover ground extremely quickly. (Speed+++)


Message History

The orc wizard dies!
You bump into the rock wall.
You bump into the rock wall.
The orc wizard closely misses you.
You hit the orc wizard.
The orc wizard is almost dead.
You bump into the rock wall.
You feel less confused.
The orc wizard hits you with a +2 dagger of venom.
You are poisoned.
The orc wizard misses you.
You closely miss the orc wizard.
You feel very sick. The orc wizard closely misses you.
The orc wizard hits you with a +0 dagger.
You hit the orc wizard but do no damage.
You feel sick. The orc wizard misses you.
The orc wizard points at you and mumbles some strange words.
You resist with almost no effort.
Unknown command.
You hit the orc wizard but do no damage.
You feel sick. The orc wizard completely misses you.
You feel better. The orc wizard barely misses you. x2
You barely miss the orc wizard.
The orc wizard hits you with a +0 dagger.
The orc wizard hits you with a +2 dagger of venom.
You are poisoned.
You closely miss the orc wizard.
You feel sick.
The orc wizard hits you with a +0 dagger.
You closely miss the orc wizard.
* * * LOW HITPOINT WARNING * * *
You feel sick.
The orc wizard points at you and mumbles some strange words.
You resist with almost no effort. The orc wizard misses you.
You hit the orc wizard.
The orc wizard is lightly wounded.
* * * LOW HITPOINT WARNING * * *
You feel sick. The orc wizard casts a spell at you. The puff of flame hits you!
You die...

.....# ######......#
.....# #..........##
.....# #...(......#
.....# #..........#
.....# ########.#.#
.....######
####.#.####
.....##...#
#.........#
.....##.#.#
#.##.#.##
.....##.#.# #.)o@#.#
.....##.#.###(##o..#
###.....#.#...###..#
..........#(### ..#
.........((.# ....
.........#### #>#.#
......(..# .#.#
.........# .# #
.........#


You could see 2 orc wizards.

Vanquished Creatures
  Grinder (D:3)
  3 adders
  A dart slug (D:3)
  4 orcs
  5 endoplasms
  4 giant cockroaches
  8 goblins
  4 hobgoblins
  A kobold (D:1)
  3 quokkas (D:1)
  5 ball pythons
  5 bats
  3 frilled lizards (D:1)
  8 rats
55 creatures vanquished.

Vanquished Creatures (others)
  An orc wizard (D:4)
1 creature vanquished.

Grand Total: 56 creatures vanquished

Notes
Turn   | Place    | Note
-------+----------+-------------------------------------------
     0 | D:1      | styxcanada the Spriggan Brigand began the quest for the
                  | Orb.
     0 | D:1      | Reached XP level 1. HP: 10/10 MP: 2/2
   301 | D:1      | Reached skill level 6 in Stealth
   461 | D:1      | Reached XP level 2. HP: 14/14 MP: 3/3
  1299 | D:2      | Reached XP level 3. HP: 15/18 MP: 4/4
  1830 | D:2      | Found a faded altar of an unknown god.
  1895 | D:2      | Reached skill level 7 in Stealth
  2420 | D:3      | Noticed Grinder
  2526 | D:3      | Paralysed by Grinder for 6 turns
  2542 | D:3      | Killed Grinder
  2543 | D:3      | Reached skill level 8 in Stealth
  2543 | D:3      | Reached XP level 4. HP: 7/23 MP: 5/5
  2543 | D:3      | Reached XP level 5. HP: 8/26 MP: 6/6
  2865 | D:3      | Reached XP level 6. HP: 30/30 MP: 7/7
  3496 | D:4      | Learned a level 1 spell: Sandblast
  3599 | D:4      | Killed from afar by an orc wizard

Illustrated notes

Levels and vault maps discovered:
D:1:      psy_arrival_dodecagon, layout_loops_corners
D:2:      layout_basic, shapermc_ecumenical_altar_pompeii
D:3:      layout_basic, uniq_grinder
D:4:      layout_basic, serial_shops, shop_statue

Skill      XL: |  1  2  3  4  5  6 |
---------------+-------------------+-----
Stealth        | 6 8 |  8.7
Dodging        | 2 3 |  3.2
Fighting       | 2 |  2.0
Short Blades   | 3 |  3.5
Throwing       | 3 |  3.3
Spellcasting   | |  0.1

Action                   |  1- 3 |  4- 6 || total
-------------------------+-------+-------++-------
Melee: Dagger            |   108 |    45 ||   153
       Punch             |     2 |       ||     2
Throw: Dart              |    23 |    11 ||    34
       Stone             |     2 |       ||     2
  Use: Scroll            |     7 |     2 ||     9
       Potion            |     1 |     1 ||     2
 Stab: Sleeping          |    15 |     9 ||    24
Armor: Robe              |    13 |     1 ||    14
Dodge: Dodged            |    69 |    24 ||    93
